Map: [ESL] Waterfall

Players

KingCobra

  • Race: Protoss Protoss
  • Spawn Location: 1:00

Gerald - Winner!

  • Race: Protoss Protoss
  • Spawn Location: 7:00

Event: DreamHack SC2 Masters 2022 Atlanta (Online)

VOD

Have the link to the VOD?

Description

Time

  • Played on: Sept. 28, 2022, 12:40 p.m.
  • Length: 9:17

All games in this series

Show
View Real Time Build Order
Export as new Build Order

KingCobra Protoss 

Build Orders: Oracle Opening 

Get SALT Encoding   

  12  0:00  Probe  
  13  0:12  Probe  
  14  0:18  Pylon  
  14  0:24  Probe (Chrono Boost)  
  15  0:37  Probe (Chrono Boost), Gateway  
  16  0:45  Probe (Chrono Boost)  
  16  0:47  Assimilator  
  17  0:51  Probe  
  18  0:58  Pylon  
  18  1:03  Probe (Chrono Boost)  
  19  1:05  Assimilator  
  19  1:12  Probe (Chrono Boost)  
  19  1:17  Probe (Chrono Boost)  
  20  1:25  Cybernetics Core  
  21  1:29  Probe  
  22  1:33  Zealot  
  24  1:41  Probe  
  25  1:49  Pylon  
  25  1:53  Probe  
  26  2:02  Sentry  
  26  2:05  Probe  
  29  2:30  Stalker  
  29  2:32  Stargate  
  31  2:37  Probe  
  32  2:49  Nexus  
  32  2:52  Shield Battery  
  32  2:57  Pylon  
  31  3:15  Stalker  
  31  3:17  Oracle  
  36  3:24  Robotics Facility  
  36  3:31  Probe  
  37  3:43  Pylon  
  37  3:44  Probe  
  38  3:55  Shield Battery  
  38  3:56  Probe  
  35  4:15  Probe (Chrono Boost)  
  35  4:16  Immortal  
  35  4:17  Oracle  
  43  4:19  Probe (Chrono Boost)  
  44  4:27  Probe (Chrono Boost)  
  44  4:31  Probe (Chrono Boost)  
  46  4:35  Probe (Chrono Boost), Pylon  
  46  4:36  Probe (Chrono Boost)  
  48  4:41  Probe  
  48  4:45  Probe  
  50  4:53  Probe (Chrono Boost)  
  50  4:57  Probe (Chrono Boost)  
  50  4:58  Immortal  
  56  5:02  Assimilator  
  56  5:04  Assimilator  
  56  5:06  Probe (Chrono Boost)  
  57  5:09  Probe (Chrono Boost)  
  57  5:14  Shield Battery, Probe (Chrono Boost)  
  59  5:15  Probe (Chrono Boost)  
  59  5:20  Probe, Forge  
  60  5:23  Probe  
  62  5:29  Pylon  
  62  5:35  Immortal (Chrono Boost), Probe  
  63  5:37  Pylon  
  63  5:41  Probe  
  68  5:45  Sentry  
  70  5:50  Fleet Beacon  
  70  5:55  Protoss Ground Weapons Level 1 (Chrono Boost)  
  67  6:03  Photon Cannon  
  67  6:08  Immortal (Chrono Boost), Probe  
  72  6:19  Photon Cannon  
  72  6:20  Shield Battery  
  72  6:21  Pylon  
  72  6:27  Mothership (Chrono Boost)  
  74  6:35  Probe (Chrono Boost)  
  74  6:39  Pylon  
  81  6:55  Probe  
  81  6:57  Immortal  
  81  7:00  Robotics Bay  
  86  7:04  Photon Cannon  
  86  7:06  Shield Battery  
  86  7:12  Pylon  
  86  7:15  Photon Cannon  
  86  7:16  Shield Battery  
  87  7:31  Probe (Chrono Boost)  
  87  7:32  Carrier (Chrono Boost)  
  93  7:39  Pylon  
  93  7:41  Observer  
  94  7:46  Pylon  
  94  7:57  Probe, Pylon  
  95  8:11  Probe x2  
  93  8:16  Disruptor  
Show
View Real Time Build Order
Export as new Build Order

Gerald Protoss - Winner!

Build Orders:  

Get SALT Encoding   

  12  0:00  Probe  
  13  0:12  Probe  
  14  0:17  Pylon  
  14  0:24  Probe (Chrono Boost)  
  16  0:37  Probe (Chrono Boost)  
  16  0:38  Gateway  
  16  0:42  Probe (Chrono Boost)  
  16  0:47  Assimilator  
  17  0:51  Probe  
  18  0:58  Assimilator  
  18  1:04  Probe (Chrono Boost)  
  19  1:10  Gateway  
  19  1:13  Probe (Chrono Boost)  
  20  1:19  Probe  
  21  1:27  Cybernetics Core  
  21  1:31  Probe  
  22  1:38  Pylon  
  22  1:43  Probe  
  23  1:56  Probe  
  24  2:05  Pylon  
  24  2:07  Warp Gate, Stalker x2  
  28  2:11  Probe  
  29  2:21  Pylon  
  29  2:25  Probe  
  29  2:28  Pylon  
  29  2:37  Adept  
  29  2:39  Probe  
  32  2:53  Adept  
  32  2:57  Probe (Chrono Boost)  
  35  3:05  Nexus  
  35  3:07  Probe (Chrono Boost)  
  35  3:12  Shield Battery  
  36  3:16  Probe  
  37  3:24  Twilight Council  
  37  3:32  Probe  
  38  3:34  Pylon  
  38  3:41  Shield Battery  
  38  3:46  Probe  
  39  3:58  Probe  
  40  4:03  Blink (Chrono Boost)  
  38  4:10  Probe  
  38  4:16  Stalker x2  
  41  4:17  Probe  
  41  4:22  Probe  
  43  4:30  Probe  
  44  4:34  Probe  
  45  4:41  Stalker  
  45  4:42  Probe, Stalker  
  50  4:46  Probe  
  50  4:47  Pylon  
  51  4:54  Probe  
  52  5:01  Probe  
  52  5:03  Nexus  
  54  5:07  Probe  
  54  5:08  Pylon  
  54  5:13  Assimilator  
  54  5:16  Probe  
  54  5:18  Forge  
  54  5:20  Probe  
  56  5:21  Stalker  
  56  5:27  Gateway  
  58  5:33  Stalker  
  58  5:35  Pylon  
  59  5:36  Probe  
  59  5:38  Probe  
  61  5:48  Probe  
  61  5:49  Gateway  
  62  5:50  Probe  
  62  5:53  Stalker  
  62  5:54  Protoss Ground Weapons Level 1 (Chrono Boost)  
  65  5:58  Shield Battery  
  65  6:00  Probe  
  65  6:03  Stalker  
  68  6:05  Probe (Chrono Boost)  
  69  6:15  Probe (Chrono Boost)  
  69  6:16  Probe (Chrono Boost)  
  72  6:22  Adept  
  72  6:23  Adept, Probe (Chrono Boost)  
  72  6:25  Probe (Chrono Boost)  
  77  6:28  Stargate  
  77  6:35  Stalker  
  79  6:40  Probe  
  80  6:51  Probe  
  80  6:52  Charge (Chrono Boost)  
  77  6:54  Probe  
  77  6:57  Probe  
  77  7:00  Stalker  
  77  7:01  Stalker x2  
  85  7:02  Sentry  
  85  7:03  Probe  
  85  7:07  Nexus  
  88  7:09  Pylon  
  88  7:10  Oracle (Chrono Boost), Gateway  
  88  7:11  Gateway  
  91  7:19  Probe  
  92  7:25  Probe  
  92  7:28  Gateway  
  92  7:29  Probe  
  94  7:31  Gateway, Probe  
  94  7:35  Adept x2  
  99  7:38  Probe  
  99  7:40  Shield Battery  
  99  7:41  Probe  
  101  7:45  Probe, Gateway  
  101  7:47  Gateway  
  101  7:48  Pylon  
  101  7:49  Stalker  
  104  7:59  Oracle  
  107  8:12  Probe  
  104  8:15  Stalker x4  
  104  8:16  Stalker x2  
  104  8:18  Probe x2  
  116  8:22  Probe  
  116  8:24  Probe  
  116  8:26  Gateway  
  118  8:27  Gateway  
  116  8:40  Stalker x6  
  120  8:41  Zealot  
  120  8:42  Zealot  
  120  8:47  Probe x3  
  127  8:49  Assimilator  
  127  8:54  Assimilator  
  121  9:00  Stalker x2  
  125  9:02  Photon Cannon  
  125  9:04  Pylon  
Tags
 
Add a new tag
Caveats
  • Supply blocks, unpowered buildings, or Contaminate may cause inaccurate times.
  • Supply counts are checked every 10 seconds.